 Dungeon Crawl Stone Soup version 0.28.0-43-g3370ac3207 (webtiles) character file.

Game seed: 1909945160534823215

3606 RascalDebosk the Protected (level 9, -13/81 HPs)
             Began as a Minotaur Fighter on Mar 30, 2022.
             Mangled by a skeletal warrior
             ... wielding a +0 battleaxe
             ... led by a skeletal warrior
              (15 damage)
             ... on level 7 of the Dungeon on Mar 31, 2022.
             The game lasted 00:58:16 (6715 turns).

RascalDebosk the Protected (Minotaur Fighter)       Turns: 6715, Time: 00:58:16

Health: -13/81     AC: 13    Str: 22    XL:     9   Next: 86%
Magic:  8/8        EV:  8    Int: 13    God:
Gold:   342        SH:  6    Dex: 11    Spells: 8/8 levels left

rFire   + + .      SeeInvis .   a - +3 trident
rCold   . . .      Faith    .   c - +0 buckler
rNeg    . . .      Spirit   .   g - +0 chain mail
rPois   .          Reflect  .   (helmet restricted)
rElec   +          Harm     .   (no cloak)
rCorr   .          Rampage  .   (no gloves)
Will    .....                   w - +1 pair of boots
Stlth   ..........              f - amulet of regeneration
HPRegen 1.03/turn               r - ring "Koli" {rElec rF++ Int+6}
MPRegen 0.11/turn               (no ring)

@: no status effects
A: horns 2, retaliatory headbutt
a: no special abilities


You were on level 7 of the Dungeon.
You visited 2 branches of the dungeon, and saw 9 of its levels.
You also visited: Ossuary.

You collected 342 gold pieces.

Inventory:

Hand Weapons
 a - a +3 trident (weapon)
 D - a +3 spear
Missiles
 i - 9 poisoned darts (quivered)
 o - 3 silver boomerangs
 s - 4 curare-tipped darts
 t - a boomerang
Armour
 c - a +0 buckler (worn)
 g - a +0 chain mail (worn)
 w - a +1 pair of boots (worn)
Jewellery
 f - an amulet of regeneration (around neck)
 r - the ring "Koli" (left hand) {rElec rF++ Int+6}
   (You found it on level 4 of the Dungeon)

   [ring of intelligence]

   Int:       It affects your intelligence (+6).
   rF:        It greatly protects you from fire.
   rElec:     It insulates you from electricity.
 u - a ring of ice
Wands
 b - a wand of flame (27)
 y - a wand of digging (9)
 C - a wand of acid (7)
Scrolls
 e - 2 scrolls of noise
 k - 2 scrolls of magic mapping
 m - 2 scrolls of teleportation
 p - a scroll of identify
 v - a scroll of fear
Potions
 d - a potion of might
 h - 2 potions of mutation
 j - 3 potions of lignification
 l - a potion of brilliance {unknown}
 n - 2 potions of flight
 q - 4 potions of curing
 z - 2 potions of berserk rage
 A - 2 potions of attraction
 B - a potion of invisibility {unknown}


   Skills:
 + Level 8.2 Fighting
 + Level 7.8 Polearms
 + Level 4.5 Throwing
 + Level 8.4 Armour
 + Level 8.3 Shields
 + Level 4.1 Evocations


You had 8 spell levels left.
You didn't know any spells.
Your spell library contained the following spells:

 Spells                   Type           Power      Damage    Failure   Level
 Corpse Rot               Necr/Air       0%         N/A       98%         2
 Dispel Undead            Necr           0%         3d6       100%        4
 Death Channel            Necr           0%         N/A       100%        6


Dungeon Overview and Level Annotations

Branches:
Dungeon (8/15)             Temple (1/1) D:6         Ossuary (visited)
   Lair: D:8-11

Altars:
Ashenzari
Cheibriados
Dithmenos
Elyvilon
Fedhas
Gozag
Kikubaaqudgha
Makhleb
Nemelex Xobeh
Okawaru
Qazlal
Vehumet
Wu Jian
Xom
Yredelemnul
The Shining One

Annotations:
D:6 1 runed translucent door, elisander's ghost, novice GnCA
D:7 3 runed translucent doors, Icepheonix32's ghost, amateur TeAE; Kazon's ghost, novice DgFi; KittyFluff's ghost, novice DsBe


Innate Abilities, Weirdness & Mutations

You have a pair of horns on your head.
You reflexively headbutt those who attack you in melee.


Message History

You block the skeletal warrior's attack.
The skeletal warrior hits you but does no damage.
You hit the skeletal warrior but do no damage.
You headbutt the skeletal warrior, but do no damage.
The skeletal warrior is lightly damaged.
The skeletal warrior hits you with a +0 battleaxe.
The skeletal warrior hits you with a +0 scimitar!
You are too injured to fight recklessly!
As you read the scroll of holy word, it crumbles to dust.
You speak a Word of immense power!
The skeletal warrior convulses! x2
The skeletal warrior barely misses you.
The skeletal warrior hits you with a +0 scimitar!
* * * LOW HITPOINT WARNING * * *
Unknown command.
You hit the skeletal warrior.
Your headbutt misses the skeletal warrior.
The skeletal warrior is heavily damaged.
The skeletal warrior is lost in a daze.
You hit the skeletal warrior but do no damage.
The skeletal warrior is heavily damaged.
The skeletal warrior is lost in a daze.
You barely miss the skeletal warrior.
The skeletal warrior is heavily damaged.
The skeletal warrior is lost in a daze. x2
You hit the skeletal warrior.
The skeletal warrior is heavily damaged.
The skeletal warrior hits you with a +0 battleaxe!
* * * LOW HITPOINT WARNING * * *
The skeletal warrior is lost in a daze.
You barely miss the skeletal warrior.
You headbutt the skeletal warrior, but do no damage.
The skeletal warrior is heavily damaged.
The skeletal warrior hits you with a +0 battleaxe!!
* * * LOW HITPOINT WARNING * * *
The skeletal warrior is lost in a daze.
You hit the skeletal warrior but do no damage.
You headbutt the skeletal warrior!
The skeletal warrior is severely damaged.
The skeletal warrior hits you with a +0 battleaxe!
You die...

..........+...)..#....#
###..###..##.....#....#
.##..###..##.[...#....#
.................#....#
..........##.....##...#
.##...##.(##.....##...#
.##...##..........#...#
..#...#........z.†#...#
..#...#.........@z#...#
[##'####'###.....##...#
.##...##..##.....#######
.##....#..........#....#
.#.....#..........#....#
.##...##..........#....#
.##.^.##..........#....#
.#................#....#
8##...............#....#


You could see 2 skeletal warriors.

Vanquished Creatures
  A hornet (D:7)
  4 yaks (D:7)
  2 black bears (D:6)
  A hornet zombie (D:6)
  2 sky beasts (D:7)
  An ice beast (D:7)
  5 ogres
  A centaur (D:8)
  2 necrophages
  A kobold brigand (D:7)
  3 phantoms
  3 bullfrogs (D:7)
  A wyvern zombie (D:5)
  2 scorpions
  4 water moccasin zombies (Ossuary)
  2 water moccasin skeletons
  2 howler monkeys (D:7)
  An electric eel (D:8)
  2 jellies
  3 hounds
  2 centaur skeletons
  An orc priest (D:3)
  2 iguanas (D:5)
  Terence (D:2)
  2 orc wizards
  A killer bee zombie (D:7)
  2 mummies (Ossuary)
  A howler monkey skeleton (D:5)
  3 gnolls (D:4)
  5 adders
  A shadow imp (D:7)
  3 adder zombies (Ossuary)
  An adder skeleton (D:5)
  4 worms
  A dart slug (D:1)
  12 orcs
  8 ball pythons
  7 endoplasms
  4 giant cockroaches
  3 gnoll zombies (Ossuary)
  7 goblins
  5 hobgoblins
  4 jackals (D:3)
  13 kobolds
  2 quokkas
  6 bats
  2 frilled lizards
  4 hobgoblin zombies (Ossuary)
  8 kobold zombies (Ossuary)
  8 orc zombies (Ossuary)
  5 rats
  A spectral orc (D:5)
172 creatures vanquished.

Vanquished Creatures (others)
  A black bear (D:7)
  A gnoll sergeant (D:7)
  A scorpion (D:7)
  A jelly (D:7)
  A gnoll (D:6)
  2 withered plants (D:6)
7 creatures vanquished.

Grand Total: 179 creatures vanquished

Notes
Turn   | Place    | Note
-------+----------+-------------------------------------------
     0 | D:1      | RascalDebosk the Minotaur Fighter began the quest for the
                  | Orb.
     0 | D:1      | Reached XP level 1. HP: 19/19 MP: 0/0
   271 | D:1      | Reached XP level 2. HP: 24/27 MP: 1/1
   857 | D:2      | Found a stormy altar of Qazlal.
   962 | D:2      | Reached XP level 3. HP: 33/33 MP: 2/2
  1393 | D:2      | Noticed Terence
  1402 | D:2      | Killed Terence
  1403 | D:2      | Reached XP level 4. HP: 8/41 MP: 3/3
  2339 | D:3      | Found a faded altar of an unknown god.
  2415 | D:3      | Reached XP level 5. HP: 47/47 MP: 4/4
  2752 | D:4      | Noticed an ogre
  2757 | D:4      | Noticed an ogre
  2758 | D:4      | Killed an ogre
  2759 | D:4      | Reached skill level 5 in Fighting
  2759 | D:4      | Reached skill level 5 in Armour
  2759 | D:4      | Reached skill level 5 in Shields
  2792 | D:4      | Killed an ogre
  2793 | D:4      | Reached XP level 6. HP: 55/56 MP: 5/5
  2890 | D:4      | Reached skill level 5 in Polearms
  2890 | D:4      | Reached XP level 7. HP: 59/62 MP: 6/6
  2902 | D:4      | Found an ancient bone altar of Kikubaaqudgha.
  3443 | D:4      | Identified the ring "Koli" {rElec rF++ Int+6}
  3544 | D:5      | Entered Level 5 of the Dungeon
  3720 | D:5      | Reached skill level 1 in Throwing
  3720 | D:5      | Reached skill level 1 in Evocations
  3773 | D:5      | Found a shadowy altar of Dithmenos.
  3842 | D:5      | Found a stormy altar of Qazlal.
  3850 | D:5      | Reached XP level 8. HP: 71/71 MP: 7/7
  4262 | D:5      | Found a basalt altar of Yredelemnul.
  5065 | D:6      | Found a runed translucent door.
  5065 | D:6      | Noticed elisander's ghost (novice GnCA)
  5144 | D:6      | Found a staircase to the Ecumenical Temple.
  5153 | Temple   | Entered the Ecumenical Temple
  5454 | D:7      | Found a sand-covered staircase.
  5475 | Ossuary  | Entered an ossuary
  5705 | D:7      | Reached XP level 9. HP: 76/79 MP: 8/8
  5793 | D:7      | Found a runed translucent gate.
  5793 | D:7      | Found a runed translucent gate.
  5793 | D:7      | Found a runed translucent gate.
  5794 | D:7      | Noticed Icepheonix32's ghost (amateur TeAE)
  5794 | D:7      | Noticed KittyFluff's ghost (novice DsBe)
  5795 | D:7      | Noticed Kazon's ghost (novice DgFi)
  6123 | D:7      | Found a shimmering altar of Xom.
  6560 | D:8      | Noticed a skeletal warrior
  6561 | D:8      | Noticed a skeletal warrior
  6562 | D:8      | Noticed a skeletal warrior
  6562 | D:8      | Noticed a skeletal warrior
  6562 | D:8      | Noticed a skeletal warrior
  6714 | D:7      | HP: 1/81 [skeletal warrior/+0 battleaxe[a skeletal warrior]
                  | (19)]
  6715 | D:7      | Mangled by a skeletal warrior

Illustrated notes

Levels and vault maps discovered:
D:1:      matt_arrival_diagonals, layout_basic, minmay_misc_feat_columns
D:2:      minmay_razor_zed, layout_loops_ring, basic_altar, uniq_terence
D:3:      layout_loops_ring, shapermc_ecumenical_altar_totnotflames
D:4:      layout_layer_cave, kiku_gazebo_pond_becter
D:5:      layout_basic, yredelemnul_forgotten_temple_becter,
          nicolae_qazlal_scattered_showers, nicolae_dithmenos_shadow_blocks
D:6:      layout_loops_ring, lemuel_temple_firewalk_b, gammafunk_ghost_grave
D:7:      layout_gridville, xom_confusion_cloud, nicolae_ossuary_entry_monument,
          gammafunk_ghost_cemetery
D:8:      layout_basic, old_standard_altar, general_overflow_altar,
          david_lair_generic, nicolae_shop_firing_range
Temple:   jpeg_temple_clearing

Skill      XL: |  1  2  3  4  5  6  7  8  9 |
---------------+----------------------------+-----
Shields        | 4 5 6 7 8 |  8.3
Fighting       | 4 5 6 7 8 |  8.2
Armour         | 4 5 6 7 8 |  8.4
Polearms       | 3 4 5 6 7 |  7.8
Throwing       | 1 3 4 |  4.5
Evocations     | 1 2 4 |  4.1

Action                   |  1- 3 |  4- 6 |  7- 9 || total
-------------------------+-------+-------+-------++-------
Melee: Trident           |   106 |    72 |   370 ||   548
       Headbutt          |     8 |    16 |    60 ||    84
Throw: Boomerang         |       |       |     3 ||     3
       Dart              |       |       |     2 ||     2
  Use: Scroll            |       |     6 |    11 ||    17
       Potion            |       |     1 |     7 ||     8
Armor: Scale mail        |     4 |       |       ||     4
       Chain mail        |    29 |    23 |   186 ||   238
Dodge: Dodged            |    33 |     9 |    94 ||   136
Block: Buckler           |    10 |     4 |   105 ||   119
